 Dungeon Crawl Stone Soup version 0.30-a0-469-g84de5afbc5 (webtiles) character file.

Game seed: 11137722967011565414

60 Zonian the Magician (level 4, -1/31 HPs)
             Began as a Djinni Ice Elementalist on Dec 19, 2022.
             Slain by a hobgoblin (4 damage)
             ... on level 2 of the Dungeon.
             The game lasted 00:02:40 (1703 turns).

Zonian the Magician (Djinni Ice Elementalist)       Turns: 1703, Time: 00:02:41

Health: -1/31      AC:  2    Str:  5    XL:     4   Next: 24%
Gold:   51         EV: 13    Int: 18    God:
                   SH:  0    Dex: 14

rFire   + + .      SeeInvis .    e - +0 hand axe
rCold   x . .      Faith    .    (no shield)
rNeg    . . .      Spirit   .    a - +0 robe
rPois   ∞          Reflect  .    (no helmet)
rElec   .          Harm     .    (no cloak)
rCorr   .          Rampage  .    (no gloves)
Will    .....      Rage     3%   (boots unavailable)
Stlth   ++........               (no amulet)
HPRegen 0.25/turn                (no ring)
MPRegen 0.00/turn                (no ring)

@: flying, very slightly contaminated
A: sickness immunity, fire resistance 2, cold vulnerability 1, float, innate
caster, HP casting, extra vitality 1, berserk 1, weak 1, inability to drink
after injury 1
a: no special abilities


You were on level 2 of the Dungeon.
You visited 1 branch of the dungeon, and saw 2 of its levels.

You collected 51 gold pieces.

Inventory:

Hand Weapons
 e - a +0 hand axe (weapon)
Armour
 a - a +0 robe (worn)
Scrolls
 f - 3 scrolls of identify {unknown}
 h - a scroll of fog {unknown}
 i - a scroll of poison {unknown}
 j - a scroll of teleportation {unknown}
Potions
 c - a potion of haste {unknown}
 d - a potion of lignification {unknown}
 g - a potion of heal wounds {unknown}


   Skills:
 + Level 3.2 Dodging
 + Level 2.4 Stealth
 + Level 3.6 Spellcasting


You couldn't memorise any spells.
You knew the following spells:

 Your Spells              Type           Power      Damage    Failure   Level
a - Freeze                Ice            64%        1d7       3%          1
b - Frozen Ramparts       Ice            32%        1d5       10%         3
c - Ozocubu's Armour      Ice            16%        N/A       10%         3
d - Summon Ice Beast      Ice/Summ       16%        N/A       32%         4
e - Sting                 Tmut/Pois      64%        1d6       3%          1
Your spell library was empty.

Dungeon Overview and Level Annotations

Branches:
Dungeon (2/15)

Altars:


Innate Abilities, Weirdness & Mutations

You are immune to sickness and miasma.
You are immune to poison.
Your flesh is very heat resistant. (rF++)
You are vulnerable to cold. (rC-)
You float through the air rather than walking.
You learn spells naturally, not from books.
Your magical power is your life essence.
You have superior vitality. (+4 MHP)
You sometimes lose your temper in combat.
You are weak. (Str -2)
You occasionally lose the ability to drink potions when taking damage.


Message History

Unknown command.
Unknown command.
You freeze the quokka.
The quokka is almost dead.
The quokka misses you. The goblin hits you with a +0 dagger.
The hobgoblin barely misses you. The quokka misses you.
You freeze the quokka.
You kill the quokka!
The goblin barely misses you. The hobgoblin hits you.
The ball python barely misses you. The ball python grabs you.
The ball python constricts you.
Unknown command.
Casting: Freeze (safe; 3% risk of failure)
Confirm with . or Enter, or press ? or * to list all spells.
Aiming: Freeze (safe; 3% risk of failure)
Press: ? - help, Shift-Dir - straight line, f - ball python
Aim: a ball python (constricting you)
You miscast Freeze.
You are very lightly contaminated with residual magic.
Nothing appears to happen.
The goblin barely misses you. The hobgoblin barely misses you.
The ball python bites you. The ball python constricts you.
You escape the ball python's grasp.
The goblin attacks as you move away! The goblin hits you with a +0 dagger.
The hobgoblin hits you.
* * * LOW HITPOINT WARNING * * *
Unknown command.
The endoplasm attacks as you move away! The endoplasm hits you.
* * * LOW HITPOINT WARNING * * *
The goblin attacks as you move away! The goblin hits you with a +0 dagger.
* * * LOW HITPOINT WARNING * * *
Unknown command.
It was a potion of flight.
You feel more buoyant. The goblin closely misses you.
The hobgoblin barely misses you. The endoplasm misses you.
It was a potion of mutation.
You feel extremely strange.
You feel weaker.
You feel a little pissed off.
You occasionally lose the ability to drink potions when taking damage.
The goblin hits you but does no damage. The hobgoblin hits you.
You die...

#. #.........
#... # .
##.#.#..## #....
#. #. #.#....##
#....
#.#.#.##.#......
####.
#..#...#†....#..
#<
#...#.#.......
#.
...#...#.#g....
..
.#....g.#..... .
#..?..Sg@# ..#.
......#.J.....#
........#.....#
........#....##
........#.####
..#####.#.#
..#.. ...


You could see an endoplasm, a hobgoblin, a goblin and a ball python.

Vanquished Creatures
  2 adders (D:2)
  A worm (D:2)
  A dart slug (D:1)
  3 ball pythons (D:1)
  3 bats
  4 endoplasms (D:1)
  A giant cockroach (D:2)
  A goblin (D:2)
  2 hobgoblins (D:2)
  4 jackals (D:2)
  4 quokkas
  3 frilled lizards
  2 kobolds (D:1)
  A rat (D:1)
32 creatures vanquished.

Vanquished Creatures (others)
  A plant (D:2)
1 creature vanquished.

Grand Total: 33 creatures vanquished

Notes
Turn   | Place    | Note
-------+----------+-------------------------------------------
     0 | D:1      | Zonian the Djinni Ice Elementalist began the quest for the
                  | Orb.
     0 | D:1      | Zonian set off with the following spells memorised: Freeze,
                  | Frozen Ramparts, Ozocubu's Armour, Summon Ice Beast.
     0 | D:1      | Reached XP level 1. HP: 15/15 MP: 0/0
   190 | D:1      | Reached XP level 2. HP: 9/21 MP: 0/0
   923 | D:1      | Reached XP level 3. HP: 20/25 MP: 0/0
   923 | D:1      | Learned a level 1 spell: Sting
  1638 | D:2      | Reached XP level 4. HP: 29/31 MP: 0/0
  1703 | D:2      | Gained mutation: You are weak. (Str -2) [potion of
                  | mutation]
  1703 | D:2      | Gained mutation: You sometimes lose your temper in combat.
                  | [potion of mutation]
  1703 | D:2      | Gained mutation: You occasionally lose the ability to drink
                  | potions when taking damage. [potion of mutation]
  1703 | D:2      | Slain by a hobgoblin

Illustrated notes

Levels and vault maps discovered:
D:1:      onia_arrival_pentagram, layout_basic, minmay_misc_feat_secret_circle,
          minmay_misc_feat_ornament
D:2:      layout_basic, shapermc_ecumenical_altar_rom_forum,
          minmay_increasing_density

Skill      XL: |  1  2  3 |
---------------+----------+-----
Stealth        | 2 |  2.4
Dodging        | 3 |  3.2
Spellcasting   | |  3.6

Action                   |  1- 3 |  4- 6 || total
-------------------------+-------+-------++-------
Melee: Hand axe          |    28 |     3 ||    31
 Cast: Freeze            |    40 |     7 ||    47
  Use: Potion            |       |     2 ||     2
 Stab: Sleeping          |     4 |       ||     4
Armor: Robe              |     7 |     3 ||    10
Dodge: Dodged            |    59 |    20 ||    79

Table legend: (Time is in decaauts)
 A = Elapsed time spent in this place.
 B = Non-inter-level travel time spent in this place.
 C = Inter-level travel time spent in this place.
 D = Time resting spent in this place.
 E = Time spent auto-exploring this place.
 F = Levels seen in this place.
 G = Mean time per level.
                   A        B        C        D        E       F      G
               +--------+--------+--------+--------+--------+-----+--------+
         Total |   1711 |   1687 |     24 |    724 |    664 |   2 |  855.5 |
       Dungeon |   1711 |   1687 |     24 |    724 |    664 |   2 |  855.5 |
               +--------+--------+--------+--------+--------+-----+--------+

Top non-repeatable levels by time:
     D:1: 1052 daAuts
     D:2: 659 daAuts
